 Dungeon Crawl Stone Soup version 0.30-a0-765-g3161bf10a1 (webtiles) character file.

Game seed: 1893636285262982859

11358 Querens the Unseen (level 11, -16/47 HPs)
             Began as a Spriggan Enchanter on Feb 12, 2023.
             Was a Priest of Wu Jian.
             Demolished by a death yak simulacrum (28 damage)
             ... in an ice cave.
             The game lasted 00:39:44 (8266 turns).

Querens the Unseen (Spriggan Enchanter)             Turns: 8266, Time: 00:39:45

Health: -16/47     AC:  5    Str:  4    XL:     11   Next: 48%
Magic:  24/26      EV: 18    Int: 17    God:    Wu Jian [***...]
Gold:   999        SH:  5    Dex: 26    Spells: 19/30 levels left

rFire   . . .      SeeInvis +    y - +4 dagger (drain)
rCold   . . .      Faith    .    (no shield)
rNeg    . . .      Spirit   .    b - +0 robe
rPois   .          Reflect  +    (helmet restricted)
rElec   .          Harm     .    n - +2 cloak
rCorr   +          Rampage  .    (gloves unavailable)
Will    +....                    (boots unavailable)
Stlth   +++++++                  k - amulet of reflection
HPRegen 0.27/turn                G - +6 ring of dexterity
MPRegen 0.20/turn                E - ring of resist corrosion

@: very quick
A: very small, no large weapons, unfitting armour, see invisible, speed 3
a: Renounce Religion, Wall Jump, Serpent's Lash


You were in an ice cave.
You worshipped Wu Jian.
Wu Jian was most pleased with you.
You visited 3 branches of the dungeon, and saw 12 of its levels.
You also visited: Sewer and Ice Cave.

You collected 999 gold pieces.

Inventory:

Hand Weapons
 y - a +4 dagger of draining (weapon)
 J - a +0 dagger of flaming
Missiles
 A - a curare-tipped dart (quivered)
Armour
 b - a +0 robe (worn)
 n - a +2 cloak (worn)
Jewellery
 k - an amulet of reflection (around neck)
 r - a ring of fire
 E - a ring of resist corrosion (right hand)
 G - a +6 ring of dexterity (left hand)
Wands
 m - a wand of digging (7)
 o - a wand of roots (16)
 z - a wand of light (16)
 B - a wand of paralysis (13)
 D - a wand of mindburst (7)
Scrolls
 a - a scroll of amnesia
 e - a scroll of enchant weapon
 g - 2 scrolls of enchant armour
 h - a scroll of fear
 l - a scroll of vulnerability {unknown}
 q - 3 scrolls of fog
 s - 4 scrolls of teleportation
 w - a scroll of brand weapon {unknown}
 x - 2 scrolls of immolation
 C - a scroll of noise {unknown}
 I - a scroll of magic mapping
Potions
 c - 4 potions of invisibility
 d - a potion of attraction {unknown}
 f - 2 potions of lignification {unknown}
 i - 6 potions of haste
 j - 9 potions of curing
 p - a potion of might {unknown}
 t - 5 potions of heal wounds
 u - a potion of magic {unknown}
 v - 2 potions of mutation {unknown}
 F - a potion of brilliance {unknown}
 H - a potion of flight {unknown}


   Skills:
 + Level 9.0 Short Blades
 - Level 2.6 Dodging
 * Level 17.9 Stealth
 + Level 10.3 Spellcasting
 + Level 10.6 Hexes


You had 19 spell levels left.
You knew the following spells:

 Your Spells              Type           Power      Damage    Failure   Level
a - Ensorcelled Hibernat  Hex/Ice        52%        N/A       1%          2
b - Confusing Touch       Hex            44%        N/A       1%          3
c - Dazzling Flash        Conj/Hex       52%        N/A       2%          3
d - Tukima's Dance        Hex            44%        N/A       1%          3

Your spell library contained the following spells:

 Spells                   Type           Power      Damage    Failure   Level
 Slow                     Hex            100%       N/A       1%          1
 Apportation              Tloc           16%        N/A       9%          1
 Fulminant Prism          Conj/Hex       13%        3d9       10%         4
 Cigotuvi's Dreadful Rot  Necr/Pois/Air  16%        N/A       13%         2
 Poisonous Vapours        Pois/Air       16%        N/A       13%         2
 Sublimation of Blood     Necr           8%         N/A       13%         2
 Wereblood                Tmut           8%         N/A       13%         2
 Mephitic Cloud           Conj/Pois/Air  8%         N/A       26%         3
 Stone Arrow              Conj/Erth      16%        3d8       26%         3
 Vampiric Draining        Necr           8%         2d6       26%         3
 Alistair's Intoxication  Tmut/Pois      5%         N/A       93%         5
 Summon Hydra             Summ           4%         N/A       100%        7


Dungeon Overview and Level Annotations

Branches:
Dungeon (10/15)            Temple (1/1) D:7            Lair (0/5) D:10
    Orc (1/2) D:10          Sewer (visited)           IceCv (1/1)

Altars:
Ashenzari
Cheibriados
Dithmenos
Elyvilon
Fedhas
Gozag
Hepliaklqana
Kikubaaqudgha
Makhleb
Nemelex Xobeh
Okawaru
Qazlal
Ru
Sif Muna
Trog
Uskayaw
Vehumet
Wu Jian
Xom
Yredelemnul
Zin
The Shining One
Jiyva

Shops:
D:3 =


Innate Abilities, Weirdness & Mutations

You are very small and have problems with some larger weapons.
You are too small for most types of armour.
You have supernaturally acute eyesight. (SInv)
You cover ground extremely quickly. (Speed+++)


Message History

The two-headed ogre simulacrum appears confused.
You catch the helpless two-headed ogre simulacrum completely off-guard!
You skewer the two-headed ogre simulacrum like a kebab!!!
The two-headed ogre simulacrum vaporises!
The Council accepts your kill.
Casting: Confusing Touch (safe; 1% risk of failure)
Confirm with . or Enter, or press ? or * to list all spells.
Your hands begin to glow red.
You lunge at the death yak simulacrum.
You hit the death yak simulacrum but do no damage.
The death yak simulacrum closely misses you.
You lunge at the death yak simulacrum, in a flurry of attacks.
You hit the death yak simulacrum but do no damage.
The death yak simulacrum appears confused.
You puncture the death yak simulacrum!
The death yak simulacrum is lightly damaged.
You hit the death yak simulacrum but do no damage.
The death yak simulacrum is lightly damaged.
You hit the death yak simulacrum.
The death yak simulacrum is moderately damaged.
You lunge at the death yak simulacrum.
You hit the death yak simulacrum.
The death yak simulacrum is moderately damaged.
You hit the death yak simulacrum.
The death yak simulacrum is heavily damaged.
You hit the death yak simulacrum but do no damage.
The death yak simulacrum is heavily damaged.
You hit the death yak simulacrum but do no damage.
The death yak simulacrum is heavily damaged.
You block the death yak simulacrum's attack.
You hit the death yak simulacrum but do no damage.
The death yak simulacrum is heavily damaged.
You puncture the death yak simulacrum!
The death yak simulacrum is severely damaged.
You hit the death yak simulacrum.
The death yak simulacrum is severely damaged.
The death yak simulacrum gores you!
* * * LOW HITPOINT WARNING * * *
The death yak simulacrum freezes you!!
Ouch! That really hurt!
You die...

#Z#....#.##
##Z.####
##..# ##
##..##
#≈##..##
##≈≈....##
#≈≈≈.#...##
#≈≈≈###.Z.#
...≈≈≈≈
##@..#
.#.#≈≈≈
#...##
##≈≈≈###...##
######.....##
#...∩...#
#.......#
##..∩..##
##...## #####


You could see a death yak simulacrum (confused).

Vanquished Creatures
  A centaur warrior (D:7)
  A wolf spider zombie (D:7)
  3 centaur zombies (D:7)
  3 centaur skeletons (D:7)
  A gargoyle (D:10)
  2 hellwings (D:7)
  A troll (D:9)
  2 hornets
  A wraith (D:10)
  Sigmund (D:4)
  A wyvern (D:9)
  A shadow (D:10)
  A steam dragon (D:8)
  Edmund (D:5)
  4 water moccasins
  Duvessa (D:4)
  3 ice beasts
  A black bear (D:10)
  A sky beast (D:7)
  8 orc warriors
  4 ogres
  3 centaurs
  5 kobold brigands
  10 bullfrogs
  4 gnoll sergeants
  3 scorpions
  2 two-headed ogre simulacra (IceCv)
  3 cane toad simulacra (IceCv)
  6 wights
  Dowan (D:4)
  3 killer bees (D:10)
  3 howler monkeys
  A hound (D:6)
  6 orc priests
  Crazy Yiuf (D:2)
  9 jellies
  Ijyb (D:3)
  2 gnoll boudas
  2 iguanas (D:6)
  13 orc wizards
  3 polar bear simulacra (IceCv)
  A troll simulacrum (IceCv)
  A wolf simulacrum (IceCv)
  21 gnolls
  2 river rats (Sewer)
  6 adders
  4 shadow imps (D:7)
  A white imp (IceCv)
  3 ufetubi
  2 worms (D:5)
  2 dart slugs
  52 orcs
  11 ball pythons
  A bat (D:1)
  20 endoplasms
  15 giant cockroaches
  10 goblins
  11 hobgoblins
  5 jackals
  36 kobolds
  2 quokkas (D:4)
  11 frilled lizards
  6 rats
346 creatures vanquished.

Vanquished Creatures (collateral kills)
  2 wights (D:8)
2 creatures vanquished.

Vanquished Creatures (others)
  4 fungi
  A plant (D:10)
  2 withered plants (D:7)
7 creatures vanquished.

Grand Total: 355 creatures vanquished

Notes
Turn   | Place    | Note
-------+----------+-------------------------------------------
     0 | D:1      | Querens the Spriggan Enchanter began the quest for the Orb.
     0 | D:1      | Reached XP level 1. HP: 9/9 MP: 5/5
   218 | D:1      | Reached XP level 2. HP: 13/13 MP: 6/6
   350 | D:1      | Reached skill level 5 in Stealth
   394 | D:1      | Learned a level 2 spell: Ensorcelled Hibernation
   523 | D:1      | Reached XP level 3. HP: 11/16 MP: 8/8
  1059 | D:2      | Found a faded altar of an unknown god.
  1105 | D:2      | Reached XP level 4. HP: 17/21 MP: 2/10
  1108 | D:2      | Reached skill level 6 in Stealth
  1222 | D:2      | Found a runed translucent door.
  1223 | D:2      | Noticed Crazy Yiuf
  1230 | D:2      | Killed Crazy Yiuf
  1496 | D:3      | Noticed Ijyb
  1504 | D:3      | Killed Ijyb
  1505 | D:3      | Reached XP level 5. HP: 18/24 MP: 8/11
  1958 | D:3      | Found Dudoget's Jewellery Boutique.
  2083 | D:3      | Found a radiant altar of Vehumet.
  2410 | D:4      | Found a glowing drain.
  2447 | D:4      | Learned a level 3 spell: Confusing Touch
  2451 | D:4      | Learned a level 3 spell: Dazzling Flash
  2455 | D:4      | Learned a level 3 spell: Tukima's Dance
  2456 | Sewer    | Entered a sewer
  2496 | Sewer    | Reached skill level 7 in Stealth
  2650 | Sewer    | Reached XP level 6. HP: 21/28 MP: 4/13
  2700 | Sewer    | Reached skill level 5 in Hexes
  2733 | Sewer    | Found a viscous altar of Jiyva.
  2822 | D:4      | Noticed Sigmund
  2830 | D:4      | Killed Sigmund
  2831 | D:4      | Reached skill level 8 in Stealth
  2866 | D:4      | Reached XP level 7. HP: 32/32 MP: 12/15
  2914 | D:4      | Found a white marble altar of Elyvilon.
  2984 | D:4      | Reached skill level 5 in Spellcasting
  2998 | D:4      | Found an opulent altar of Gozag.
  3061 | D:4      | Noticed Dowan
  3062 | D:4      | Noticed Duvessa
  3100 | D:4      | Killed Duvessa
  3101 | D:4      | Reached skill level 9 in Stealth
  3104 | D:4      | Killed Dowan
  3317 | D:5      | Entered Level 5 of the Dungeon
  3557 | D:5      | Found a sparkling altar of Nemelex Xobeh.
  3564 | D:5      | Found a snail-covered altar of Cheibriados.
  3589 | D:5      | Reached skill level 10 in Stealth
  3589 | D:5      | Reached XP level 8. HP: 36/36 MP: 14/17
  3589 | D:5      | Noticed Edmund
  3628 | D:5      | Killed Edmund
  3697 | D:5      | Identified the +1 chain mail of the Echidna {Int+7}
  3908 | D:5      | Reached skill level 5 in Short Blades
  3908 | D:5      | Reached skill level 11 in Stealth
  3962 | D:6      | Found a hide-covered altar of Uskayaw.
  4070 | D:6      | Reached skill level 12 in Stealth
  4099 | D:6      | Found a bloodstained altar of Trog.
  4112 | D:6      | Found a shimmering blue altar of Sif Muna.
  4151 | D:6      | Reached XP level 9. HP: 33/39 MP: 14/20
  4408 | D:6      | Reached skill level 13 in Stealth
  4516 | D:7      | Found a burning altar of Makhleb.
  4559 | D:7      | Found a staircase to the Ecumenical Temple.
  4571 | Temple   | Entered the Ecumenical Temple
  4701 | D:7      | Noticed a hellwing
  4755 | D:7      | Reached skill level 14 in Stealth
  4765 | D:7      | Noticed a hellwing
  4864 | D:7      | Reached XP level 10. HP: 25/44 MP: 20/23
  4974 | D:7      | Reached skill level 15 in Stealth
  5249 | D:7      | Noticed a centaur warrior
  5350 | D:8      | Found a sacrificial altar of Ru.
  5463 | D:8      | Reached skill level 16 in Stealth
  5583 | D:8      | Found an ornate altar of the Wu Jian Council.
  5589 | D:8      | Became a worshipper of the Wu Jian Council
  5657 | D:8      | Found an iron altar of Okawaru.
  6138 | D:9      | Reached * piety under Wu Jian
  6879 | D:10     | Entered Level 10 of the Dungeon
  6918 | D:10     | Found a staircase to the Orcish Mines.
  6947 | D:10     | Reached XP level 11. HP: 40/47 MP: 19/25
  7110 | D:10     | Got the Folio of Battle Magic
  7221 | D:10     | Reached skill level 10 in Hexes
  7328 | D:10     | Found a staircase to the Lair.
  7334 | D:10     | Reached skill level 17 in Stealth
  7365 | D:10     | Reached ** piety under Wu Jian
  7475 | D:10     | Found a basalt altar of Yredelemnul.
  7673 | D:7      | Killed a centaur warrior
  7674 | D:7      | Reached skill level 10 in Spellcasting
  7833 | Orc:1    | Entered Level 1 of the Orcish Mines
  7833 | Orc:1    | Found a frozen archway.
  8071 | IceCv    | Entered an ice cave
  8088 | IceCv    | Reached *** piety under Wu Jian
  8266 | IceCv    | Demolished by a death yak simulacrum

Illustrated notes

Levels and vault maps discovered:
D:1:      matt_arrival_grand_opening, layout_basic
D:2:      layout_basic, shapermc_ecumenical_altar_mp_highgroup,
          minmay_misc_feat_cross, uniq_crazy_yiuf_cottage
D:3:      layout_loops_ring, mainiacjoe_overflow_alcove_4, serial_shops,
          shop_fountains, serial_co_window_serial, co_window_paths_a,
          co_window_of_opportunity_a, co_window_cross_1, co_window_corner_a,
          co_window_paths_b, co_window_broadway_b, co_window_corner_b,
          co_window_corner_ca, co_window_corner_ca, co_window_cross_3,
          co_window_broadway_c, co_window_corner_cb, glass_columns_a,
          glass_columns_b, glass_columns_b, glass_columns_a, glass_columns_a,
          uniq_ijyb
D:4:      layout_loops_ring, mainiacjoe_overflow_catwalk, marbit_many_paths,
          gup_sewer_entry_pipe, lightli_minifort, uniq_sigmund, uniq_duvessa
D:5:      layout_loops_ring, amethyst_overflow_temple_binary,
          nicolae_nh_ransacked_shop, uniq_edmund
D:6:      layout_cave_pools, nzn_overflow_gifts_of_might_and_magic,
          lemuel_crystal_altar
D:7:      cheibrodos_grave_circle, layout_rooms, lemuel_doored_altar,
          minmay_temple_entry_waves, nzn_random_ring
D:8:      layout_layer_cave, kennysheep_mini, mainiacjoe_overflow_tiny_flanked,
          lemuel_round_altar
D:9:      layout_gridville
D:10:     layout_irregular_city, mainiacjoe_overflow_cross_hatched,
          grunt_lair_entry_orc_guard_hut, erik_orc_3
Temple:   pf_slimified_temple
Orc:1:    layout_caves, portal_ice_cave_entry_pillars_2, mines_bat_river
IceCv:    ice_cave_small_necro

Skill      XL: |  1  2  3  4  5  6  7  8  9 10 11 |
---------------+----------------------------------+-----
Spellcasting   | 3 4 5 6 8 9 10 | 10.3
Stealth        | 5 6 7 8 10 12 14 16 17 | 17.9
Hexes          | 4 5 6 7 8 9 10 | 10.6
Short Blades   | 2 3 4 5 7 8 9 |  9.0
Dodging        | |  2.6

Action                     |  1- 3 |  4- 6 |  7- 9 | 10-12 || total
---------------------------+-------+-------+-------+-------++-------
  Melee: Dagger            |   129 |   203 |   195 |   347 ||   874
         Punch             |       |     1 |     3 |     3 ||     7
   Cast: Ensorcelled Hiber |     9 |    19 |    56 |    68 ||   152
         Confusing Touch   |       |       |     7 |    23 ||    30
         Tukima's Dance    |       |       |       |     6 ||     6
Ability: Lunge             |       |       |       |    51 ||    51
         Whirlwind         |       |       |       |    11 ||    11
    Use: Scroll            |     1 |       |       |    10 ||    11
         Potion            |       |       |       |     1 ||     1
   Stab: Sleeping          |    16 |    33 |    47 |    58 ||   154
         Distracted        |       |     1 |       |       ||     1
         Confused          |       |       |    10 |    22 ||    32
 Armour: Robe              |     4 |    24 |    22 |    28 ||    78
  Dodge: Dodged            |    84 |   121 |    85 |   187 ||   477
  Block: Other             |     1 |    26 |    33 |    62 ||   122
         Reflection        |       |       |     4 |     4 ||     8

Table legend: (Time is in decaauts)
 A = Elapsed time spent in this place.
 B = Non-inter-level travel time spent in this place.
 C = Inter-level travel time spent in this place.
 D = Time resting spent in this place.
 E = Time spent auto-exploring this place.
 F = Levels seen in this place.
 G = Mean time per level.
                   A        B        C        D        E       F      G
               +--------+--------+--------+--------+--------+-----+--------+
         Total |   5409 |   4886 |    523 |     39 |     50 |  14 |  386.4 |
       Dungeon |   4797 |   4283 |    514 |     20 |      0 |  10 |  479.7 |
        Temple |     66 |     58 |      8 |      0 |     50 |   1 |   66.0 |
  Orcish Mines |    150 |    150 |      0 |      0 |      0 |   1 |  150.0 |
         Sewer |    255 |    255 |      0 |     11 |      0 |   1 |  255.0 |
      Ice Cave |    140 |    140 |      0 |      7 |      0 |   1 |  140.0 |
               +--------+--------+--------+--------+--------+-----+--------+

Top non-repeatable levels by time:
     D:4: 579 daAuts
     D:7: 576 daAuts
     D:8: 554 daAuts
     D:3: 522 daAuts
     D:9: 518 daAuts
     D:2: 460 daAuts
    D:10: 443 daAuts
     D:1: 405 daAuts
     D:5: 397 daAuts
     D:6: 339 daAuts
   Sewer: 255 daAuts
   Orc:1: 150 daAuts
   IceCv: 140 daAuts
  Temple: 66 daAuts
